 Dungeon Crawl Stone Soup version 0.27.0-1-g7a089689b8 (webtiles) character file.

Game seed: 1919130368414335017

5887 hawla the Thaumaturge (level 10, -8/54 HPs)
             Began as a Deep Elf Necromancer on Aug 3, 2021.
             Was a Believer of Vehumet.
             Mangled by a yak (9 damage)
             ... on level 9 of the Dungeon on Aug 4, 2021.
             The game lasted 00:43:10 (12205 turns).

hawla the Thaumaturge (Deep Elf Necromancer)       Turns: 12205, Time: 00:43:11

Health: -8/54      AC: 12    Str:  9    XL:     10   Next: 52%
Magic:  6/38       EV: 16    Int: 31    God:    Vehumet [**....]
Gold:   376        SH:  0    Dex: 21    Spells: 20/35 levels left

rFire    . . .     SeeInvis +   F - +1 dagger (venom)
rCold    . . .     Faith    +   (no shield)
rNeg     + . .     Spirit   .   a - +1 robe
rPois    .         Reflect  .   d - +0 hat "Cusm" {rN+ Int+5}
rElec    +         Harm     .   o - +1 cloak "Amatuime" {rElec Str+4}
rCorr    .         Rampage  .   B - +0 pair of gloves
Will     +....                  h - +1 pair of boots
Stlth    +++.......             f - amulet of Menlud {Faith MP+9 SInv}
HPRegen  0.18/turn              w - +6 ring of dexterity
MPRegen  0.26/turn              v - +4 ring of protection

@: brilliant, lethally poisoned (-8 -> -9), unable to read
A: clever 1, inability to read while threatened
a: Renounce Religion


You were on level 9 of the Dungeon.
You worshipped Vehumet.
Vehumet was pleased with you.
You visited 2 branches of the dungeon, and saw 10 of its levels.
You also visited: Ossuary.

You collected 552 gold pieces.
You spent 176 gold pieces at shops.

Inventory:

Hand Weapons
 e - a +2 dagger of electrocution
 F - a +1 dagger of venom (weapon)
Missiles
 l - 34 poisoned darts (quivered)
 t - 5 boomerangs
Armour
 a - a +1 robe (worn)
 d - the +0 hat "Cusm" (worn) {rN+ Int+5}
   (You found it on level 5 of the Dungeon)

   Int:       It affects your intelligence (+5).
   rN:        It protects you from negative energy.
 h - a +1 pair of boots (worn)
 o - the +1 cloak "Amatuime" (worn) {rElec Str+4}
   (You acquired it on level 9 of the Dungeon)

   Str:       It affects your strength (+4).
   rElec:     It insulates you from electricity.
 A - a scarf of repulsion
 B - a +0 pair of gloves (worn)
Jewellery
 c - a ring of wizardry
 f - the amulet of Menlud (around neck) {Faith MP+9 SInv}
   (You acquired it on level 9 of the Dungeon)

   [amulet of faith]

   It allows you to gain divine favour quickly.
   MP:        It affects your magic capacity (+9).
   SInv:      It lets you see invisible.
 i - an amulet of regeneration
 n - a ring of positive energy
 v - a +4 ring of protection (right hand)
 w - a +6 ring of dexterity (left hand)
Wands
 r - a wand of paralysis (34)
 x - a wand of flame (20)
 G - a wand of iceblast (8)
Scrolls
 b - 3 scrolls of amnesia
 m - a scroll of teleportation
 s - a scroll of magic mapping
 y - a scroll of blinking
 z - a scroll of fear
 C - 2 scrolls of identify
 E - a scroll of enchant weapon {unknown}
Potions
 j - 3 potions of heal wounds
 p - a potion of attraction
 q - 2 potions of haste
 u - a potion of mutation
 D - 2 potions of flight {unknown}


   Skills:
 + Level 2.7 Fighting
 + Level 1.0 Throwing
 + Level 5.8 Dodging
 + Level 4.2 Stealth
 + Level 13.3 Spellcasting
 + Level 3.7 Summonings
 + Level 12.0 Necromancy


You had 20 spell levels left.
You knew the following spells:

 Your Spells              Type           Power      Damage    Failure   Level
a - Pain                  Necr           100%       1d9       0%          1
b - Vampiric Draining     Necr           48%        2d12      1%          3
c - Animate Dead          Necr           48%        N/A       1%          4
d - Call Canine Familiar  Summ           60%        N/A       1%          3
e - Dispel Undead         Necr           97%        3d30      1%          4

Your spell library contained the following spells:

 Spells                   Type           Power      Damage    Failure   Level
 Freeze                   Ice            100%       1d11      2%          1
 Animate Skeleton         Necr           100%       N/A       0%          1
 Summon Small Mammal      Summ           100%       N/A       1%          1
 Corpse Rot               Necr/Air       N/A        N/A       1%          2
 Agony                    Necr           97%        N/A       1%          5
 Apportation              Tloc           60%        N/A       2%          1
 Corona                   Hex            33%        N/A       2%          1
 Death Channel            Necr           48%        N/A       2%          6
 Slow                     Hex            30%        N/A       3%          2
 Confusing Touch          Hex            30%        N/A       7%          3
 Portal Projectile        Hex/Tloc       60%        N/A       7%          3
 Tukima's Dance           Hex            30%        N/A       7%          3
 Leda's Liquefaction      Hex/Erth       15%        N/A       24%         4
 Passage of Golubria      Tloc           N/A        N/A       24%         4
 Yara's Violent Unravell  Hex/Tmut       15%        3d8       54%         5


Dungeon Overview and Level Annotations

Branches:
Dungeon (9/15)             Temple (1/1) D:5         Ossuary (visited)
   Lair: D:8-11         Orc: D:9-12

Altars:
Ashenzari
Cheibriados
Dithmenos
Elyvilon
Fedhas
Gozag
Hepliaklqana
Kikubaaqudgha
Makhleb
Nemelex Xobeh
Okawaru
Qazlal
Ru
Sif Muna
Trog
Uskayaw
Vehumet
Wu Jian
Xom
Yredelemnul
Zin
The Shining One

Shops:
D:7 :

Annotations:
D:8 1 runed translucent door, Smaepdii's ghost, novice TrBr
D:9 Psyche


Innate Abilities, Weirdness & Mutations

Your mind is acute. (Int +2)
You sometimes lose the ability to read scrolls when taking damage.


Message History

You feel a surge of power!
You draw life force from the water moccasin!
You feel life coursing into your body.
You feel sick.
The water moccasin bites you but does no damage.
Your hound barely misses the yak.
The yak gores your hound! The yak gores you! The wyvern completely misses you.
The water moccasin bites you but does no damage.
The yak gores you!
* * * LOW HITPOINT WARNING * * *
Your hound barely misses the yak.
Casting: Vampiric Draining (safe; 1% risk of failure)
Confirm with . or Enter, or press ? or * to list all spells.
Aiming: Vampiric Draining (safe; 1% risk of failure)
Press: ? - help, Shift-Dir - straight line, f/p - water moccasin
Aim: a water moccasin (almost dead)
You feel a surge of power!
You draw life force from the water moccasin!
You kill the water moccasin!
Vehumet accepts your kill.
You feel your power returning.
You feel life coursing into your body.
You feel sick. The wyvern barely misses you.
The yak gores you but does no damage. The yak gores your hound!
Your hound dies!
Your hound's corpse disappears in a puff of smoke!
The wyvern completely misses you. The yak barely misses you.
The yak bellows!
Casting: Vampiric Draining (safe; 1% risk of failure)
Confirm with . or Enter, or press ? or * to list all spells.
You feel a surge of power!
You call on the dead to rise...
The dead are slithering!
You feel sick. The yak misses you. The yak barely misses you.
The wyvern misses you. The yak misses you.
You swap places.
You feel sick. The wyvern bites you.
* * * LOW HITPOINT WARNING * * *
The yak gores you.
* * * LOW HITPOINT WARNING * * *
The wyvern bites you.
* * * LOW HITPOINT WARNING * * *
Your water moccasin zombie barely misses the wyvern.
The yak gores you!
You die...

.. ....♣. ...
♣.... .l.P ...P
.....♣..#
#....(..#
#########'##
#..........#
#######........Y.#
......+........l@#
#######......ZYZY#
# #..........#
######'##### #.)#
##)## ##..# ##..##
##### #.)##


You could see 3 yaks, a wyvern (ally target) and 2 friendly water moccasin
zombies.

Vanquished Creatures
  A two-headed ogre (D:9)
  Maurice (D:9)
  An unseen horror (D:9)
  Prince Ribbit (D:7)
  7 yaks (D:8)
  A human (D:8)
  2 hogs (D:8)
  2 acid dragons (D:9)
  2 water moccasins (D:9)
  2 ice beasts (D:7)
  A black bear (D:5)
  5 orc warriors
  A sky beast (D:6)
  A hornet zombie (D:6)
  A necrophage (D:7)
  2 ogres (D:5)
  A bullfrog (D:7)
  A kobold brigand (D:9)
  A gnoll sergeant (D:5)
  4 scorpions
  A water moccasin zombie (Ossuary)
  2 killer bees (D:9)
  A howler monkey (D:5)
  2 centaur zombies
  2 bullfrog zombies
  An orc priest (D:6)
  4 hounds
  A gnoll shaman (D:5)
  A jelly (D:6)
  2 bullfrog skeletons (D:5)
  A centaur skeleton (D:5)
  3 iguanas
  2 orc wizards
  Ijyb (D:5)
  2 hound skeletons (D:4)
  2 mummies (Ossuary)
  4 adders
  4 gnolls (D:5)
  A howler monkey skeleton (D:4)
  2 shadow imps
  2 white imps
  An ufetubus (D:4)
  4 adder zombies (Ossuary)
  2 adder skeletons (D:4)
  2 worms
  A dart slug (D:4)
  15 orcs
  7 ball pythons
  8 endoplasms
  2 giant cockroaches
  9 goblins
  4 hobgoblins
  6 jackals
  13 kobolds
  3 quokkas
  4 bats
  3 frilled lizards (D:1)
  2 gnoll zombies (Ossuary)
  6 hobgoblin zombies (Ossuary)
  4 kobold zombies (Ossuary)
  6 orc zombies (Ossuary)
  5 rats (D:1)
186 creatures vanquished.

Vanquished Creatures (collateral kills)
  A hog (D:8)
  A steam dragon (D:8)
  A centaur (D:8)
  A killer bee (D:9)
  A hound (D:5)
  2 orc priests (D:8)
  An orc wizard (D:8)
  An adder (D:6)
  3 gnolls (D:5)
  An ufetubus (D:5)
  8 orcs
  A gnoll zombie (Ossuary)
  A hobgoblin zombie (Ossuary)
  4 kobolds (D:9)
  An orc zombie (Ossuary)
28 creatures vanquished.

Vanquished Creatures (others)
  An orc (D:8)
  6 fungi
  16 plants
23 creatures vanquished.

Grand Total: 237 creatures vanquished

Notes
Turn   | Place    | Note
-------+----------+-------------------------------------------
     0 | D:1      | hawla the Deep Elf Necromancer began the quest for the Orb.
     0 | D:1      | Reached XP level 1. HP: 10/10 MP: 6/6
   390 | D:1      | Reached XP level 2. HP: 13/16 MP: 5/8
   595 | D:1      | Reached skill level 5 in Necromancy
  1119 | D:1      | Reached XP level 3. HP: 17/20 MP: 6/9
  1495 | D:1      | Reached skill level 1 in Fighting
  1613 | D:1      | Found a faded altar of an unknown god.
  1650 | D:1      | Learned a level 3 spell: Vampiric Draining
  2107 | D:2      | Reached skill level 4 in Spellcasting
  3056 | D:3      | Reached XP level 4. HP: 25/25 MP: 6/12
  3061 | D:3      | Learned a level 4 spell: Animate Dead
  3552 | D:3      | Reached skill level 1 in Summonings
  3730 | D:4      | Noticed a scorpion
  3753 | D:4      | Killed a scorpion
  3754 | D:4      | Reached XP level 5. HP: 29/30 MP: 4/13
  4549 | D:4      | Reached XP level 6. HP: 33/35 MP: 14/14
  5263 | D:5      | Entered Level 5 of the Dungeon
  5273 | D:5      | Learned a level 3 spell: Call Canine Familiar
  5395 | D:5      | Reached skill level 5 in Spellcasting
  5626 | D:5      | Reached XP level 7. HP: 40/40 MP: 12/17
  5632 | D:5      | Found a sand-covered staircase.
  5637 | Ossuary  | Entered an ossuary
  5643 | Ossuary  | Learned a level 4 spell: Dispel Undead
  6701 | D:5      | Noticed Ijyb
  6703 | D:5      | Reached skill level 6 in Spellcasting
  6958 | D:5      | Killed Ijyb
  7011 | D:5      | Reached skill level 7 in Spellcasting
  7235 | D:5      | Found a staircase to the Ecumenical Temple.
  7311 | Temple   | Entered the Ecumenical Temple
  7400 | Temple   | Became a worshipper of Vehumet
  7532 | D:5      | Reached XP level 8. HP: 30/44 MP: 2/21
  7681 | D:5      | Identified the +0 hat "Cusm" {rN+ Int+5}
  7835 | D:5      | Gained mutation: You do not regenerate when monsters are
                  | visible. [potion of mutation]
  7835 | D:5      | Gained mutation: Your mind is acute. (Int +2) [potion of
                  | mutation]
  7835 | D:5      | Gained mutation: You occasionally shout uncontrollably at
                  | your foes. [potion of mutation]
  7836 | D:5      | Lost mutation: You do not regenerate when monsters are
                  | visible. [potion of mutation]
  7836 | D:5      | Lost mutation: You occasionally shout uncontrollably at
                  | your foes. [potion of mutation]
  7836 | D:5      | Gained mutation: You sometimes lose the ability to read
                  | scrolls when taking damage. [potion of mutation]
  7921 | D:6      | Reached skill level 8 in Spellcasting
  8531 | D:6      | Reached skill level 9 in Spellcasting
  9006 | D:7      | Noticed Prince Ribbit
  9019 | D:7      | Reached * piety under Vehumet
  9019 | D:7      | Offered knowledge of Foxfire by Vehumet.
  9061 | D:7      | Reached skill level 10 in Spellcasting
  9065 | D:7      | Reached XP level 9. HP: 49/49 MP: 0/25
  9383 | D:7      | Found Coipux's Book Emporium.
  9392 | D:7      | Bought a book of Cantrips for 176 gold pieces
  9621 | D:7      | Identified the +3 spear of the Philosopher {vorpal, Str+5
                  | Dex+2}
  9658 | D:7      | Killed Prince Ribbit
  9982 | D:8      | Reached skill level 10 in Necromancy
 10131 | D:8      | Found a hide-covered altar of Uskayaw.
 10372 | D:8      | Reached skill level 11 in Spellcasting
 10401 | D:8      | Reached skill level 5 in Dodging
 10593 | D:8      | Reached skill level 12 in Spellcasting
 10850 | D:8      | Reached XP level 10. HP: 53/54 MP: 9/28
 11139 | D:8      | Found a runed translucent door.
 11143 | D:8      | Identified the +4 flail of Napry {venom, rElec rF+ Will-
                  | Str+2}
 11148 | D:8      | Noticed Smaepdii's ghost (novice TrBr)
 11148 | D:8      | Identified the +10 trident "Spiderslayer" {vorpal, +Blink
                  | rPois rCorr Dex-4}
 11253 | D:9      | Identified 2 scrolls of acquirement
 11253 | D:9      | Acquired the +1 cloak "Amatuime" {rElec Str+4}
 11266 | D:9      | Acquired the amulet of Menlud {Faith MP+9 SInv}
 11339 | D:9      | Noticed a two-headed ogre
 11353 | D:9      | Killed a two-headed ogre
 11403 | D:9      | Reached ** piety under Vehumet
 11716 | D:9      | Noticed Maurice
 11722 | D:9      | Paralysed by Maurice for 2 turns
 11727 | D:9      | Killed Maurice
 11727 | D:9      | Offered knowledge of Freeze by Vehumet.
 11728 | D:9      | Reached skill level 13 in Spellcasting
 12033 | D:9      | Reached skill level 1 in Throwing
 12083 | D:9      | Noticed Psyche
 12205 | D:9      | HP: 1/54 [wyvern (4)]
 12205 | D:9      | Mangled by a yak

Illustrated notes

Levels and vault maps discovered:
D:1:      dpeg_arrival_arbitrary_b, layout_basic,
          chequers_ecumenical_altar_simple_redux, minmay_three_crescents
D:2:      layout_rooms
D:3:      layout_rooms
D:4:      layout_basic
D:5:      layout_basic, minmay_temple_entry_drinking_statues, enter_ossuary_2,
          lightli_minifort, uniq_ijyb
D:6:      layout_basic
D:7:      layout_rooms, serial_shops, nicolae_shop_stone, serial_bayou_pond_e,
          uniq_prince_ribbit1
D:8:      layout_gridville, old_standard_altar, ebering_ghost_funeral_grove,
          grunt_livestock
D:9:      layout_roguey, minmay_lair_entry_grove, uniq_maurice, uniq_psyche
Temple:   grunt_wide_crystal_templ

Skill      XL: |  1  2  3  4  5  6  7  8  9 10 |
---------------+-------------------------------+-----
Necromancy     | 5 6 7 9 11 12 | 12.0
Stealth        | 3 4 |  4.2
Fighting       | 1 2 |  2.7
Dodging        | 3 4 5 |  5.8
Spellcasting   | 4 5 7 10 12 13 | 13.3
Summonings     | 1 2 3 |  3.7
Throwing       | 1 |  1.0

Action                   |  1- 3 |  4- 6 |  7- 9 | 10-12 || total
-------------------------+-------+-------+-------+-------++-------
Melee: Dagger            |     6 |    66 |   103 |    24 ||   199
Throw: Dart              |       |       |    17 |     8 ||    25
 Cast: Pain              |    86 |    41 |    87 |    17 ||   231
       Vampiric Draining |     5 |     8 |    52 |    27 ||    92
       Animate Dead      |       |     5 |    13 |     6 ||    24
       Dispel Undead     |       |       |    31 |       ||    31
       Call Canine Famil |       |       |    30 |     9 ||    39
  Use: Scroll            |     3 |     3 |    14 |     4 ||    24
       Potion            |       |       |    13 |     4 ||    17
 Stab: Distracted        |       |     1 |       |       ||     1
       Sleeping          |       |       |     4 |     2 ||     6
Armor: Robe              |    12 |    14 |    50 |    46 ||   122
       Skin              |       |       |     9 |       ||     9
Dodge: Dodged            |    25 |    76 |   170 |    91 ||   362
